 Dungeon Crawl Stone Soup version 0.26.1-11-gd32895ea62 (webtiles) character file.

Game seed: 11925171913056955112

198 doggie the Magician (level 5, -22/41 HPs)
             Began as a Gnoll Wanderer on June 15, 2021.
             Annihilated by Menkaure (23 damage)
             ... on level 3 of the Dungeon.
             The game lasted 00:06:33 (4152 turns).

doggie the Magician (Gnoll Wanderer)                Turns: 4152, Time: 00:06:33

Health: -22/41     AC:  4    Str: 13 (15) XL:     5   Next: 77%
Magic:  13/14      EV: 12    Int: 12 (14) God:
Gold:   147        SH:  0    Dex: 12 (15) Spells: 17/18 levels left

rFire    + . .     SeeInvis .   l - +1 hand axe (freeze)
rCold    + . .     Faith    .   (no shield)
rNeg     . . .     Spirit   .   d - +0 robe
rPois    +         Reflect  .   o - +1 helmet
rElec    +         Harm     .   (no cloak)
rCorr    +         Rampage  .   (no gloves)
Will     .....                  (no boots)
Stlth    ++........             (no amulet)
HPRegen  0.13/turn              (no ring)
MPRegen  0.14/turn              (no ring)

@: mighty, resistant
A: distributed training, fangs 1, strong nose
a: no special abilities


You were on level 3 of the Dungeon.
You visited 1 branch of the dungeon, and saw 4 of its levels.

You collected 147 gold pieces.

Inventory:

Hand Weapons
 l - a +1 hand axe of freezing (weapon)
Missiles
 m - 6 poisoned darts (quivered)
Armour
 c - a +0 chain mail
 d - a +0 robe (worn)
 o - a +1 helmet (worn)
Scrolls
 a - 2 scrolls of fear
 h - a scroll of blinking
 i - 3 scrolls of teleportation
Potions
 b - a potion of heal wounds
 f - a potion of attraction
 g - 2 potions of curing
 j - 2 potions of haste
 n - a potion of degeneration


   Skills:
 + Level 3.0 Fighting
 + Level 1.6 Short Blades
 + Level 1.6 Long Blades
 + Level 1.6 Axes
 + Level 1.6 Maces & Flails
 + Level 1.6 Polearms
 + Level 1.6 Staves
 + Level 1.6 Slings
 + Level 1.6 Bows
 + Level 4.8 Crossbows
 + Level 1.6 Throwing
 + Level 1.6 Armour
 + Level 1.6 Dodging
 + Level 1.6 Stealth
 + Level 3.0 Shields
 + Level 1.6 Unarmed Combat
 + Level 7.3 Spellcasting
 + Level 1.3 Conjurations
 + Level 1.3 Hexes
 + Level 1.3 Summonings
 + Level 1.3 Necromancy
 + Level 2.4 Translocations
 + Level 1.3 Transmutations
 + Level 1.3 Fire Magic
 + Level 1.3 Ice Magic
 + Level 2.4 Air Magic
 + Level 1.3 Earth Magic
 + Level 1.3 Poison Magic
 + Level 1.8 Invocations
 + Level 3.0 Evocations


You had 17 spell levels left.
You knew the following spells:

 Your Spells              Type           Power        Failure   Level
a - Shock                 Conj/Air       32%          8%          1

Your spell library contained the following spells:

 Spells                   Type           Power        Failure   Level
 Swiftness                Air            10%          9%          2
 Sting                    Tmut/Pois      28%          10%         1
 Corpse Rot               Necr/Air       N/A          11%         2
 Sublimation of Blood     Necr           3%           14%         2
 Static Discharge         Conj/Air       8%           22%         3
 Spider Form              Tmut/Pois      3%           28%         3
 Airstrike                Air            5%           50%         4
 Lightning Bolt           Conj/Air       4%           90%         5


Dungeon Overview and Level Annotations

Branches:
Dungeon (4/15)
 Temple: D:4-7

Altars:
Elyvilon
Makhleb
Okawaru
Qazlal

Annotations:
D:3 Menkaure
D:4 Blork the orc


Innate Abilities, Weirdness & Mutations

Your experience applies equally to all skills.
You have very sharp teeth.
Your uncanny sense of smell can sniff out nearby items.


Message History

Casting: Shock (safe; 8% risk of failure)
Confirm with . or Enter, or press ? or * to list all spells.
Aiming: Shock (safe; 8% risk of failure)
Press: ? - help, Shift-Dir - straight line, f - Menkaure
Aim: Menkaure (fast, 15% to evade)
The zap hits Menkaure but does no damage.
Menkaure points at you and mumbles some strange words.
Pain shoots through your body!
You feel very mighty all of a sudden. Menkaure hits you!
You completely miss Menkaure. Menkaure barely misses you. Menkaure hits you!!
* * * LOW HITPOINT WARNING * * *
You slash Menkaure! You freeze Menkaure.
Menkaure is heavily damaged.
Menkaure misses you.
You slash Menkaure! You freeze Menkaure.
Menkaure is almost destroyed.
Menkaure hits you!!
Ouch! That really hurt!
You die...

#.........# #.# #.###
#.#.⌠.⌠.#.# #.# #.##### ##
#.........###.###.....#
.###.#.....#.............#
.............###.........#
...>..#..######....#######
...........#.......#
#......###.#.###.#.#
####...........M@#.##
#.............#..##
#.................####
#.##.................#######
#..#.####..#..(....#.......#
##.#.# #..#....##.........#
#.#.# ##..#...##.####....#
###...#
##.......##.####....#
###....##
#..#.....##...#######


You could see Menkaure (fast).

Vanquished Creatures
  A centaur skeleton (D:2)
  Natasha (D:2)
  Robin (D:2)
  4 adders
  A gnoll (D:2)
  An ooze (D:2)
  5 worms
  A leopard gecko (D:2)
  5 orcs
  4 giant cockroaches (D:1)
  13 goblins
  8 hobgoblins
  A quokka (D:2)
  6 bats
  2 frilled lizards
  5 kobolds
  8 rats
67 creatures vanquished.

Notes
Turn   | Place    | Note
-------+----------+-------------------------------------------
     0 | D:1      | doggie the Gnoll Wanderer began the quest for the Orb.
     0 | D:1      | doggie set off with the following items: a +0 club, a +0
                  | robe; and the following spells available to memorise:
                  | Shock, Swiftness, Sting, Corpse Rot, Sublimation of Blood,
                  | Static Discharge, Spider Form, Airstrike, Lightning Bolt
     0 | D:1      | Reached XP level 1. HP: 17/17 MP: 8/8
    20 | D:1      | Learned a level 1 spell: Shock
   500 | D:1      | Reached XP level 2. HP: 20/23 MP: 10/10
  1537 | D:2      | Reached XP level 3. HP: 23/28 MP: 8/11
  1632 | D:2      | Found a burning altar of Makhleb.
  1920 | D:2      | Reached skill level 1 in Invocations
  2110 | D:2      | Found a stormy altar of Qazlal.
  2135 | D:2      | Reached skill level 1 in Short Blades
  2135 | D:2      | Reached skill level 1 in Long Blades
  2135 | D:2      | Reached skill level 1 in Axes
  2135 | D:2      | Reached skill level 1 in Maces & Flails
  2135 | D:2      | Reached skill level 1 in Polearms
  2135 | D:2      | Reached skill level 1 in Staves
  2135 | D:2      | Reached skill level 1 in Slings
  2135 | D:2      | Reached skill level 1 in Bows
  2135 | D:2      | Reached skill level 1 in Throwing
  2135 | D:2      | Reached skill level 1 in Armour
  2135 | D:2      | Reached skill level 1 in Dodging
  2135 | D:2      | Reached skill level 1 in Stealth
  2135 | D:2      | Reached skill level 1 in Unarmed Combat
  2281 | D:2      | Reached XP level 4. HP: 25/34 MP: 1/13
  2392 | D:2      | Found an iron altar of Okawaru.
  2419 | D:2      | Noticed Robin
  2439 | D:2      | Reached skill level 1 in Conjurations
  2439 | D:2      | Reached skill level 1 in Hexes
  2439 | D:2      | Reached skill level 1 in Summonings
  2439 | D:2      | Reached skill level 1 in Necromancy
  2439 | D:2      | Reached skill level 1 in Transmutations
  2439 | D:2      | Reached skill level 1 in Fire Magic
  2439 | D:2      | Reached skill level 1 in Ice Magic
  2439 | D:2      | Reached skill level 1 in Earth Magic
  2439 | D:2      | Reached skill level 1 in Poison Magic
  2447 | D:2      | Killed Robin
  2452 | D:2      | Reached XP level 5. HP: 13/40 MP: 10/14
  2966 | D:2      | Noticed Natasha
  2972 | D:2      | Killed Natasha
  3382 | D:3      | Found a white marble altar of Elyvilon.
  4130 | D:4      | Noticed Blork the orc
  4139 | D:4      | Noticed Menkaure
  4150 | D:3      | HP: 1/41 [Menkaure (18)]
  4152 | D:3      | Annihilated by Menkaure

Illustrated notes

Levels and vault maps discovered:
D:1:      psy_arrival_fountain, layout_basic, grunt_decor_fettered,
          roderic_filled_cross
D:2:      mumra_celtic_spiral_tile, layout_basic,
          nicolae_qazlal_general_emergency, nicolae_overflow_hidden_temple,
          okawaru_altar_gauntlet_db, solitary_fountain, uniq_robin, uniq_natasha
D:3:      layout_rooms, elyvilon_altar_5
D:4:      layout_cave_pools, minmay_temple_entry_hall, uniq_menkaure,
          uniq_blork_the_orc

Skill      XL: |  1  2  3  4  5 |
---------------+----------------+-----
Translocations | 2 |  2.4
Air Magic      | 2 |  2.4
Invocations    | 1 |  1.8
Short Blades   | 1 |  1.6
Long Blades    | 1 |  1.6
Axes           | 1 |  1.6
Maces & Flails | 1 |  1.6
Polearms       | 1 |  1.6
Staves         | 1 |  1.6
Slings         | 1 |  1.6
Bows           | 1 |  1.6
Throwing       | 1 |  1.6
Armour         | 1 |  1.6
Dodging        | 1 |  1.6
Stealth        | 1 |  1.6
Unarmed Combat | 1 |  1.6
Conjurations   | 1 |  1.3
Hexes          | 1 |  1.3
Summonings     | 1 |  1.3
Necromancy     | 1 |  1.3
Transmutations | 1 |  1.3
Fire Magic     | 1 |  1.3
Ice Magic      | 1 |  1.3
Earth Magic    | 1 |  1.3
Poison Magic   | 1 |  1.3
Fighting       | 3 |  3.0
Shields        | 3 |  3.0
Evocations     | 3 |  3.0
Crossbows      | |  4.8
Spellcasting   | |  7.3

Action                   |  1- 3 |  4- 6 || total
-------------------------+-------+-------++-------
Melee: Dagger            |    62 |       ||    62
       Club              |     8 |       ||     8
       Bite              |     8 |     9 ||    17
       Hand axe          |    22 |    96 ||   118
Throw: Dart              |       |    22 ||    22
 Cast: Shock             |    37 |    18 ||    55
  Use: Scroll            |     6 |     7 ||    13
       Potion            |       |     5 ||     5
 Stab: Sleeping          |     1 |     2 ||     3
       Distracted        |     1 |       ||     1
Armor: Robe              |    23 |    23 ||    46
Dodge: Dodged            |    84 |    63 ||   147
